 Dungeon Crawl Stone Soup version 0.31.0-9-g3a7656b989 (webtiles) character file.

Game seed: 9671474080850084039

42 CaptainMV the Poker (level 3, -1/25 HPs)
             Began as a Demonspawn Wanderer on Feb 2, 2024.
             Slain by Sigmund
             ... wielding a +0 scythe of protection
              (7 damage)
             ... on level 2 of the Dungeon.
             The game lasted 00:05:49 (763 turns).

CaptainMV the Poker (Demonspawn Wanderer)            Turns: 763, Time: 00:05:50

Health: -1/25      AC:  5    Str: 13    XL:     3   Next: 35%
Magic:  4/4        EV: 10    Int: 15    God:
Gold:   21         SH:  0    Dex: 10    Spells: 3/4 levels left

rFire   . . .        a - +0 trident
rCold   . . .        (no shield)
rNeg    . . .        b - +0 ring mail
rPois   .            (no helmet)
rElec   .            (no cloak)
rCorr   .            (no gloves)
SInv    .            (no boots)
Will    .....        (no amulet)
Stlth   +            (no ring)
HPRegen 0.24/turn    (no ring)
MPRegen 0.09/turn

%: no passive effects
@: brilliant, hasted, very quick
A: claws 1
a: no special abilities


You were on level 2 of the Dungeon.
You visited 1 branch of the dungeon, and saw 2 of its levels.

You collected 21 gold pieces.

Inventory:

Hand Weapons
 a - a +0 trident (weapon)
Armour
 b - a +0 ring mail (worn)
Scrolls
 e - 2 scrolls of identify
 h - 2 scrolls of noise
Potions
 c - a potion of mutation


   Skills:
 + Level 0.8 Fighting
 + Level 2.4 Polearms
 + Level 2.2 Armour
 + Level 1.3 Dodging
 + Level 1.7 Stealth
 + Level 1.0 Spellcasting
 + Level 2.2 Earth Magic


You had 3 spell levels left.
You knew the following spells:

 Your Spells              Type           Power      Damage    Failure   Level
a - Sandblast             Erth           22%        2d7       22%         1

Your spell library contained the following spells:

 Spells                   Type           Power      Damage    Failure   Level
 Passwall                 Erth           11%        N/A       54%         3
 Jinxbite                 Hex            2%         N/A       61%         2
 Yara's Violent Unravell  Hex/Alch       0%         3d3       100%        5
 Enfeeble                 Hex            0%         N/A       100%        7


Dungeon Overview and Level Annotations

Branches:
Dungeon (2/15)

Altars:

Annotations:
D:2 Sigmund


Innate Abilities, Weirdness & Mutations

You have sharp fingernails.


Message History

You hit the bat.
You kill the bat!
You feel better.
You flicker for a moment.
Things that are here:
an inky potion; a +0 spear
Things that are here:
an inky potion; a +0 spear
Okay, then.
f - an inky potion It was a potion of brilliance.
You feel clever all of a sudden.
You flicker back into view.
A puff of flame appears from out of thin air!
The puff of flame misses you. Something hits you!
* * * LOW HITPOINT WARNING * * *
You hit something but do no damage. Something hits you.
* * * LOW HITPOINT WARNING * * *
You barely miss something. You closely miss something.
Something hits you but does no damage.
You hit something.
You feel better. Something hits you!
* * * LOW HITPOINT WARNING * * *
You feel better.
You hit something. Something hits you.
You barely miss something. You barely miss something.
You hear some strange, mumbled words.
A puff of flame appears from out of thin air!
The puff of flame misses you.
You barely miss something. Something hits you but does no damage.
You barely miss something. You miss something. Something hits you.
* * * LOW HITPOINT WARNING * * *
You hit something. You miss something. Something hits you.
* * * LOW HITPOINT WARNING * * *
You hit something. You hit something. Something hits you!
You die...

....### ......####
.........##########
...<..#.....#.....##
.#.###.............##
#..................#
####....).........)#
#..............>#
#........[..@...#
#..........{....#
#.....†.........#
##.............##
##.....#.....##
#############


There were no monsters in sight!

Vanquished Creatures
  A dart slug (D:1)
  2 endoplasms (D:1)
  7 goblins (D:1)
  7 hobgoblins (D:1)
  5 kobolds (D:1)
  A quokka (D:1)
  4 ball pythons
  4 bats
  A frilled lizard (D:1)
  4 rats (D:1)
36 creatures vanquished.

Notes
Turn   | Place    | Note
-------+----------+-------------------------------------------
     0 | D:1      | CaptainMV the Demonspawn Wanderer began the quest for the
                  | Orb.
     0 | D:1      | CaptainMV set off with the following items: a +0 trident, a
                  | +0 ring mail, a potion of mutation; and the following spell
                  | memorised: Sandblast; and the following spells available to
                  | memorise: Passwall.
     0 | D:1      | Reached XP level 1. HP: 13/13 MP: 2/2
   103 | D:1      | Gained mutation: You have sharp fingernails. [demonic
                  | ancestry]
   103 | D:1      | Reached XP level 2. HP: 19/19 MP: 3/3
   408 | D:1      | Reached XP level 3. HP: 20/25 MP: 4/4
   697 | D:2      | Noticed Sigmund
   722 | D:2      | HP: 1/25 [something (4)]
   763 | D:2      | Slain by Sigmund

Illustrated notes

Levels and vault maps discovered:
D:1:      wander_arrival_chamber, layout_rooms, serial_corexii_hall,
          corexii_hall_statues_x, corexii_hall_statues_i,
          corexii_hall_statues_t, corexii_hall_statues_x,
          corexii_hall_statues_x, corexii_hall_statues_l, minmay_tetromino_l4
D:2:      layout_rooms, uniq_robin, uniq_sigmund

Skill      XL: |  1  2 |
---------------+-------+-----
Armour         | 2 |  2.2
Earth Magic    | 2 |  2.2
Polearms       | 2 |  2.4
Fighting       | |  0.8
Dodging        | |  1.3
Stealth        | |  1.7
Spellcasting   | |  1.0

Action                     || total
---------------------------++-------
  Melee: Trident           ||   138
         Punch             ||     1
    Use: Potion            ||     7
         Scroll            ||     3
 Armour: Ring mail         ||   121
  Dodge: Dodged            ||    85
